 Dungeon Crawl Stone Soup version 0.18.1-47-g9310371 (webtiles) character file.

4096 Gargoyl the Protected (level 10, 0/79 HPs)
             Began as a Demonspawn Abyssal Knight on June 19, 2016.
             Was an Elder of Lugonu.
             Killed by divine providence
             ... invoked by an orc priest
              (17 damage)
             ... on level 8 of the Dungeon.
             The game lasted 00:12:40 (7259 turns).

Gargoyl the Protected (Demonspawn Abyssal Knight)   Turns: 7259, Time: 00:12:41

Health: 0/79       AC: 21    Str: 22    XL:     10   Next: 5%
Magic:  12/12      EV:  8    Int: 14    God:    Lugonu [****..]
Gold:   284        SH:  0    Dex: 13    Spells: 0 memorised, 9 levels left

rFire  + . .     SeeInvis .     E - +3 hand axe
rCold  + + .     Gourm    .     g - +1 plate armour {rPois}
rNeg   . . .     Faith    .     (no shield)
rPois  +         Spirit   .     (helmet restricted)
rElec  +         Dismiss  .     i - +1 cloak
rCorr  +         Reflect  .     d - +2 pair of gloves
SustAt .         Harm     .     (no boots)
MR     .....                    (no amulet)
Stlth  ..........               y - +3 ring of strength
                                t - +4 ring of strength

@: resistant, not resistant to hostile enchantments, extremely unstealthy
A: horns 1, cold resistance 1, spiny 1, freezing cloud immunity
a: Depart the Abyss, Bend Space, Banish, Corrupt, Renounce Religion


You were on level 8 of the Dungeon.
You worshipped Lugonu.
Lugonu was greatly pleased with you.
You were not hungry.

You visited 1 branch of the dungeon, and saw 8 of its levels.
You visited the Abyss 2 times.

You collected 284 gold pieces.

Inventory:

Hand Weapons
 s - a +3 vampiric whip
 A - the +8 mace "Kufopl Vucro" {venom, rC++}
   (You found it on level 4 of the Dungeon)

   It poisons the flesh of those it strikes.
   It greatly protects you from cold.
 E - a +3 hand axe (weapon)
Missiles
 D - 7 tomahawks (quivered)
 J - 2 tomahawks of returning
Armour
 d - a +2 pair of gloves (worn)
 g - a +1 plate armour of poison resistance (worn)
 i - a +1 cloak (worn)
Jewellery
 t - a +4 ring of strength (left hand)
 y - a +3 ring of strength (right hand)
 C - a +3 ring of dexterity
Wands
 F - a wand of paralysis (4/24)
Scrolls
 f - 2 scrolls of remove curse
 l - 3 scrolls of teleportation
 w - a scroll of fog
 H - a scroll of recharging
Potions
 a - a potion of ambrosia {unknown}
 b - 2 potions of invisibility {unknown}
 e - 2 potions of agility {unknown}
 h - a potion of experience {unknown}
 j - a potion of might {unknown}
 k - a potion of brilliance {unknown}
 m - a potion of heal wounds {unknown}
 o - 5 potions of flight {unknown}
 p - 2 potions of degeneration {unknown}
 r - 3 potions of resistance
 u - a potion of curing
 x - a potion of lignification {unknown}
 G - a potion of mutation {unknown}
Comestibles
 c - 3 bread rations
 n - 2 slices of pizza
 q - 5 fruits
 v - 2 beef jerkies
 z - 4 meat rations
 B - 3 chunks of flesh


   Skills:
 + Level 7.0 Fighting
 + Level 5.1(5.2) Axes
 + Level 1.1(3.4) Maces & Flails
 + Level 0.6 Throwing
 * Level 10.4 Armour
 + Level 2.2 Dodging
 + Level 1.6 Stealth
 + Level 3.2 Invocations


You had 9 spell levels left.
You didn't know any spells.

Dungeon Overview and Level Annotations

Branches:
Dungeon (8/15)             Temple (0/1) D:4
   Lair: D:8-11

Altars:
Ashenzari
Cheibriados
Fedhas
Makhleb
Okawaru
Trog
Xom
Yredelemnul
The Shining One


Innate Abilities, Weirdness & Mutations

You have a pair of small horns on your head.
Your flesh is cold resistant.
You are partially covered in sharp spines.
You are immune to freezing clouds.


Message History

The orc priest calls down the wrath of Beogh upon you.
Beogh smites you!
* * * LOW HITPOINT WARNING * * *
Unknown command.
Drink which item? (? for menu, Esc to quit)
You feel better. The orc priest barely misses you.
You closely miss the orc priest.
You headbutt the orc priest, but do no damage.
The orc priest is heavily wounded.
The orc priest looks braver for a moment.
Unknown command.
You closely miss the orc priest.
The orc priest is heavily wounded.
The orc priest hits you but does no damage.
You hit the orc priest but do no damage.
You headbutt the orc priest.
The orc priest is severely wounded.
The orc priest calls down the wrath of Beogh upon you.
Beogh smites you!
You die...

#........[.........#..+.
#..................####.
#..................#**#.
#########................,..
#.....* #.............####.#
#.....* #........###...,*#.#
#....$###<.......* #....**,,
#......)...o########....#**#
#.....)÷>..@........<,,,**,.
#....................,,,**,.
#....................,,,**,.
#....................,,,**,.
#...........†........,,,**,.
###########.%††......,,,**,.
******#..........,,,**,.
*,,,.............,,,**,.
*,...............,,,**,.


You could see an orc priest.

Vanquished Creatures
  The ghost of trantor the Archer, a novice HEHu of Okawaru (D:6)
  The ghost of Gargoyl the Covered, a novice DsAK of Lugonu (D:4)
  Prince Ribbit (D:7)
  A hippogriff (D:7)
  A water moccasin (D:7)
  3 black bears
  3 ice beasts
  2 orc warriors (D:7)
  2 phantoms
  A centaur (D:7)
  Blork the orc (D:6)
  3 giant frogs
  A scorpion (D:5)
  5 killer bees (D:8)
  3 wights (D:7)
  3 howler monkeys
  A wasp zombie (D:7)
  A quasit (D:8)
  A hound (D:8)
  A giant frog skeleton (D:5)
  9 orc priests
  9 orc wizards
  2 centaur skeletons
  2 iguanas
  Ijyb (D:3)
  7 worker ants
  Robin (D:2)
  3 gnolls (D:7)
  5 adders
  A shadow imp (D:5)
  An adder skeleton (D:7)
  2 worms
  3 dart slugs
  3 giant geckos
  25 orcs
  4 giant cockroaches
  15 goblins
  5 hobgoblins
  13 jackals
  7 kobolds
  2 quokkas
  2 bats
  4 giant newts
  2 quokka skeletons (D:8)
  6 rats
170 creatures vanquished.

Notes
Turn   | Place    | Note
--------------------------------------------------------------
     0 | Abyss:1  | Gargoyl the Demonspawn Abyssal Knight began the quest for the Orb.
     0 | Abyss:1  | Reached XP level 1. HP: 18/18 MP: 2/2
    73 | Abyss:1  | Noticed a smoke demon
    93 | D:1      | Escaped the Abyss
   239 | D:1      | Reached * piety under Lugonu
   281 | D:1      | Gained mutation: You are partially covered in sharp spines. [demonic ancestry]
   281 | D:1      | Reached XP level 2. HP: 17/24 MP: 3/3
   305 | D:1      | Reached skill level 2 in Armour
   822 | D:2      | Gained mutation: You have a pair of small horns on your head. [demonic ancestry]
   822 | D:2      | Reached XP level 3. HP: 24/30 MP: 4/4
   959 | D:2      | Noticed Robin
   963 | D:2      | Reached ** piety under Lugonu
   974 | D:2      | Killed Robin
   974 | D:2      | Reached skill level 1 in Dodging
   974 | D:2      | Reached XP level 4. HP: 27/37 MP: 5/5
  1660 | D:3      | Reached skill level 3 in Armour
  1666 | D:3      | Reached XP level 5. HP: 27/43 MP: 5/7
  2067 | D:3      | Found a bloodstained altar of Trog.
  2067 | D:3      | Found a shimmering altar of Xom.
  2238 | D:3      | Noticed Ijyb
  2245 | D:3      | Killed Ijyb
  2332 | D:3      | Reached *** piety under Lugonu
  2336 | D:3      | Reached XP level 6. HP: 48/49 MP: 8/8
  2337 | D:3      | Reached skill level 4 in Armour
  2423 | D:3      | Found a snail-covered altar of Cheibriados.
  2646 | D:4      | Found a basalt altar of Yredelemnul.
  2672 | D:4      | Found a blossoming altar of Fedhas.
  2794 | D:4      | Found a staircase to the Ecumenical Temple.
  2824 | D:4      | Got an iridescent mace
  2831 | D:4      | Reached skill level 5 in Fighting
  2832 | D:4      | Reached skill level 5 in Armour
  2832 | D:4      | Gained mutation: Your flesh is cold resistant. [demonic ancestry]
  2832 | D:4      | Reached XP level 7. HP: 42/56 MP: 9/9
  2842 | D:4      | Identified the +8 mace "Kufopl Vucro" {venom, rC++} (You found it on level 4 of the Dungeon)
  2995 | D:4      | Noticed Gargoyl's ghost (novice DsAK)
  3013 | D:4      | Killed Gargoyl's ghost
  3375 | D:5      | Entered Level 5 of the Dungeon
  3381 | D:5      | Reached skill level 6 in Armour
  3508 | D:5      | Reached XP level 8. HP: 60/63 MP: 10/10
  3674 | D:5      | Found an iron altar of Okawaru.
  3678 | D:5      | Found a glowing golden altar of the Shining One.
  3790 | D:5      | Reached **** piety under Lugonu
  3938 | D:5      | Reached skill level 7 in Armour
  4257 | D:6      | Noticed Blork the orc
  4262 | D:6      | Killed Blork the orc
  4395 | D:6      | Noticed trantor's ghost (novice HEHu)
  4407 | D:6      | Killed trantor's ghost
  4407 | D:6      | Reached skill level 1 in Maces & Flails
  4407 | D:6      | Reached skill level 8 in Armour
  4407 | D:6      | Reached skill level 1 in Stealth
  4477 | D:6      | Reached XP level 9. HP: 67/69 MP: 11/11
  4831 | D:6      | Found a burning altar of Makhleb.
  4831 | D:6      | Noticed an Executioner
  4834 | D:6      | Noticed a smoke demon
  5272 | D:7      | Reached skill level 9 in Armour
  5532 | D:7      | Cast into level 1 of the Abyss (orc)
  5634 | D:7      | Escaped the Abyss
  6036 | D:7      | Noticed Prince Ribbit
  6042 | D:7      | Killed Prince Ribbit
  6344 | D:8      | Found a shattered altar of Ashenzari.
  6640 | D:8      | Reached skill level 10 in Armour
  6950 | D:8      | Reached skill level 5 in Axes
  7228 | D:8      | Gained mutation: You are immune to freezing clouds. [demonic ancestry]
  7228 | D:8      | Reached XP level 10. HP: 33/77 MP: 12/12
  7259 | D:8      | Killed from afar by an orc priest

Skill      XL: |  1  2  3  4  5  6  7  8  9 10 |
---------------+-------------------------------+-----
Armour         | 2 3 5 6 8 10 | 10.4
Axes           | 2 3 4 5 |  5.1
Fighting       | 4 5 6 7 |  7.0
Dodging        | 1 2 |  2.2
Invocations    | 3 |  3.2
Maces & Flails | 1 |  1.1
Stealth        | 1 |  1.6
Throwing       | |  0.6

Action                   |  1- 3 |  4- 6 |  7- 9 | 10-12 || total
-------------------------+-------+-------+-------+-------++-------
Melee: Hand axe          |    52 |    87 |   192 |    15 ||   346
       Headbutt          |     2 |    16 |    64 |     5 ||    87
       Mace              |       |       |    22 |       ||    22
Throw: Tomahawk          |       |       |     2 |       ||     2
Invok: Depart the Abyss  |     1 |       |     1 |       ||     2
  Use: Scroll            |       |       |    14 |       ||    14
       Potion            |       |       |       |     3 ||     3
 Stab: Distracted        |     1 |       |       |       ||     1
  Eat: Chunk             |       |     6 |    14 |       ||    20
Armor: Plate armour      |    34 |    67 |   225 |    11 ||   337
Dodge: Dodged            |     5 |    22 |    89 |     7 ||   123
